 Dungeon Crawl Stone Soup version 0.26.1-10-gdfb7c7de75 (webtiles) character file.

Game seed: 18425298481146727656

16 Descartes the Magician (level 2, 0/16 HPs)
             Began as a Deep Elf Wanderer on Apr 8, 2021.
             Slain by a jackal (1 damage)
             ... on level 1 of the Dungeon.
             The game lasted 00:02:06 (541 turns).

Descartes the Magician (Deep Elf Wanderer)           Turns: 541, Time: 00:02:07

Health: 0/16       AC:  3    Str:  8 (9)  XL:     2   Next: 37%
Magic:  1/8        EV: 12    Int: 15 (18) God:
Gold:   54         SH:  0    Dex: 11 (12) Spells: 6/7 levels left

rFire    . . .     SeeInvis .   a - +0 dagger
rCold    . . .     Faith    .   (no shield)
rNeg     + + .     Spirit   .   e - +1 robe {rN+}
rPois    .         Reflect  .   (no helmet)
rElec    .         Harm     .   (no cloak)
rCorr    .         Rampage  .   (no gloves)
Will     .....                  (no boots)
Stlth    ++........             (no amulet)
HPRegen  0.05/turn              b - ring of positive energy
MPRegen  0.11/turn              (no ring)

@: no status effects
A: no striking features
a: no special abilities


You were on level 1 of the Dungeon.
You visited 1 branch of the dungeon, and saw 1 of its levels.

You collected 54 gold pieces.

Inventory:

Hand Weapons
 a - a +0 dagger (weapon)
Armour
 e - a +1 robe of positive energy (worn)
Jewellery
 b - a ring of positive energy (left hand)
Scrolls
 c - a scroll of teleportation
 f - a scroll of enchant armour {unknown}
Potions
 d - a potion of degeneration
 g - a potion of ambrosia {unknown}


   Skills:
 - Level 1.0 Fighting
 - Level 2.4 Dodging
 - Level 2.4 Stealth
 - Level 3.0 Spellcasting
 + Level 2.3 Conjurations
 - Level 2.1 Ice Magic
 - Level 1.1 Poison Magic


You had 6 spell levels left.
You knew the following spells:

 Your Spells              Type           Power        Failure   Level
a - Magic Dart            Conj           36%          8%          1

Your spell library contained the following spells:

 Spells                   Type           Power        Failure   Level
 Summon Small Mammal      Summ           8%           21%         1
 Blink                    Tloc           N/A          30%         2
 Call Imp                 Summ           2%           30%         2
 Slow                     Hex            2%           30%         2
 Conjure Flame            Conj/Fire      5%           36%         3
 Mephitic Cloud           Conj/Pois/Air  5%           36%         3
 Call Canine Familiar     Summ           2%           52%         3


Dungeon Overview and Level Annotations

Branches:
Dungeon (1/15)

Altars:


Message History

The jackal bites you but does no damage. x2
You hit the jackal.
The jackal is severely wounded.
The jackal barely misses you. The jackal bites you.
* * * LOW HITPOINT WARNING * * *
The jackal barely misses you. The jackal closely misses you.
The jackal barely misses you. The jackal bites you.
* * * LOW HITPOINT WARNING * * *
Found a leather armour.
You see here a frilled lizard corpse.
The jackal barely misses you.
A rat comes into view.
The jackal bites you.
* * * LOW HITPOINT WARNING * * *
The rat moves out of view.
Found 16 stones.
A hobgoblin comes into view. It is wielding a +0 club.
The jackal misses you. The jackal bites you.
You die...

#........#.... ...(...
#........#....
.......#####.####.......
......#.....#.##..#....
###..........#.##..##...
.............#.....##...
.............#..........
........hr...#..........
#....@h.h.†'..........
.....[......##......†...
......................#.
...................####.
...r...............# #.
.g.................# #.
........##.........# #.
........##.........# #.
#.........# #.


You could see 3 jackals, a hobgoblin (asleep) and 2 rats.

Vanquished Creatures
  4 giant cockroaches (D:1)
  2 goblins (D:1)
  2 hobgoblins (D:1)
  A jackal (D:1)
  A kobold (D:1)
  2 frilled lizards (D:1)
  A rat (D:1)
13 creatures vanquished.

Notes
Turn   | Place    | Note
-------+----------+-------------------------------------------
     0 | D:1      | Descartes the Deep Elf Wanderer began the quest for the
                  | Orb.
     0 | D:1      | Descartes set off with the following items: a +0 dagger, a
                  | scroll of teleportation, a +0 robe; and the following
                  | spells available to memorise: Magic Dart, Summon Small
                  | Mammal, Blink, Call Imp, Slow, Mephitic Cloud, Call Canine
                  | Familiar, Conjure Flame
     0 | D:1      | Reached XP level 1. HP: 12/12 MP: 6/6
     2 | D:1      | Learned a level 1 spell: Magic Dart
    88 | D:1      | Reached skill level 1 in Conjurations
   336 | D:1      | Reached XP level 2. HP: 16/16 MP: 5/8
   541 | D:1      | Slain by a jackal

Illustrated notes

Levels and vault maps discovered:
D:1:      dpeg_arrival_tiny_e, layout_basic

Skill      XL: |  1  2 |
---------------+-------+-----
Conjurations   | 1 2 |  2.3
Fighting       | |  1.0
Dodging        | |  2.4
Stealth        | |  2.4
Spellcasting   | |  3.0
Ice Magic      | |  2.1
Poison Magic   | |  1.1

Action                   || total
-------------------------++-------
Melee: Dagger            ||    23
 Cast: Magic Dart        ||    35
  Use: Potion            ||     1
Armor: Robe              ||    16
Dodge: Dodged            ||    48
